 Dungeon Crawl Stone Soup version 0.29.1-12-g30fa7ad0bf (webtiles) character file.

Game seed: 8622860740555852667

252607 TYRONUS the Warrior (level 18, 0/179 HPs)
             Began as a Minotaur Berserker on Jan 1, 2023.
             Was a High Priest of Trog.
             Constricted to death by an anaconda (shapeshifter) (1 damage)
             ... while petrified by a catoblepas
             ... on level 1 of the Elven Halls on Jan 8, 2023.
             The game lasted 01:35:51 (42265 turns).

TYRONUS the Warrior (Minotaur Berserker)           Turns: 42265, Time: 01:35:51

Health: 0/179      AC: 28    Str: 35    XL:     18   Next: 97%
Magic:  5/5        EV: -1    Int: 13    God:    Trog [*****.]
Gold:   1824       SH:  0    Dex:  9    Spells: 17/17 levels left

rFire   + . .      SeeInvis .   S - +9 broad axe of Votisirch {antimagic, Str+4}
rCold   + . .      Faith    .   j - +2 kite shield {rN+}
rNeg    + + +      Spirit   .   t - +0 plate armour
rPois   ∞          Reflect  +   M - +0 hat {Stlth+}
rElec   +          Harm     .   n - +1 cloak {rC+}
rCorr   .          Rampage  +   f - +1 pair of gloves
Will    ++++.                   z - +2 pair of boots {rampage}
Stlth   ..........              d - amulet of Sophism {Reflect Str+3 Int+2 Dex-3 SH+5}
HPRegen 1.39/turn               o - ring of Igelisha {Fly rElec rPois Int+7}
MPRegen 0.09/turn               L - ring "Foaj" {rF+ Will+ EV+4}

@: petrified, strong-willed, on berserk cooldown, flying, regenerating, slowed,
constricted, studying 2 skills
A: horns 2, retaliatory headbutt
}: 2/15 runes: barnacled, gossamer
a: Renounce Religion, Berserk, Trog's Hand, Brothers in Arms


You were on level 1 of the Elven Halls.
You worshipped Trog.
Trog was extremely pleased with you.
You visited 6 branches of the dungeon, and saw 31 of its levels.
You also visited: Bailey and Ice Cave.

You collected 4040 gold pieces.
You spent 2216 gold pieces at shops.

Inventory:

Hand Weapons
 c - a +3 vorpal executioner's axe
 P - the +11 battleaxe "Beast's Nightmare" {vorpal, rElec rF+ rC-}
   (You found it on level 12 of the Dungeon)

   It inflicts extra damage upon your enemies.
   rF:        It protects you from fire.
   rC:        It makes you vulnerable to cold.
   rElec:     It insulates you from electricity.
 S - the +9 broad axe of Votisirch (weapon) {antimagic, Str+4}
   (You found it on level 12 of the Dungeon)

   It reduces the magical energy of the wielder, and disrupts the spells and
   magical abilities of those it strikes.
   Natural abilities and divine invocations are not affected.
   Str:       It affects your strength (+4).
Missiles
 Z - 5 throwing nets (quivered)
Armour
 f - a +1 pair of gloves (worn)
 j - a +2 kite shield of positive energy (worn)
 n - a +1 cloak of cold resistance (worn)
 t - a +0 plate armour (worn)
 z - a +2 pair of boots of rampaging (worn)
 M - a +0 hat of stealth (worn)
Jewellery
 d - the amulet of Sophism (around neck) {Reflect Str+3 Int+2 Dex-3 SH+5}
   (You found it on level 1 of the Spider Nest)

   [amulet of reflection]

   It reflects blocked missile attacks.
   Str:       It affects your strength (+3).
   Int:       It affects your intelligence (+2).
   Dex:       It affects your dexterity (-3).
   SH:        It affects your SH (+5).
 o - the ring of Igelisha (left hand) {Fly rElec rPois Int+7}
   (You bought it in a shop on level 2 of the Orcish Mines)

   [ring of flight]

   Int:       It affects your intelligence (+7).
   rElec:     It insulates you from electricity.
   rPois:     It protects you from poison.
   Fly:       It grants you flight.
 x - a ring of see invisible
 L - the ring "Foaj" (right hand) {rF+ Will+ EV+4}
   (You found it on level 4 of the Lair of Beasts)

   [ring of evasion]

   EV:        It affects your evasion (+4).
   rF:        It protects you from fire.
   Will:      It increases your willpower.
 R - the ring "Gydycik" {Wiz rCorr Str+6}
   (You found it on level 12 of the Dungeon)

   [ring of wizardry]

   It improves your spell success rate.
   Str:       It affects your strength (+6).
   rCorr:     It protects you from acid and corrosion.
 Y - the ring of the Skies Above {*Corrode rC++ rN+ SInv Stlth+}
   (You acquired it on level 2 of the Spider Nest)

   [ring of see invisible]

   rC:        It greatly protects you from cold.
   rN:        It protects you from negative energy.
   SInv:      It lets you see invisible.
   *Corrode:  It may corrode you when you take damage.
   Stlth:     It makes you more stealthy.
Wands
 s - a wand of quicksilver (18)
 B - a wand of flame (61)
 F - a wand of mindburst (5)
 H - a wand of iceblast (21)
 K - a wand of paralysis (13)
 N - a wand of digging (17)
Scrolls
 g - 22 scrolls of teleportation
 h - 8 scrolls of poison
 k - 5 scrolls of enchant weapon
 q - 3 scrolls of blinking
 u - 5 scrolls of butterflies
 w - a scroll of summoning
 y - 5 scrolls of immolation
 C - 6 scrolls of enchant armour
 G - 7 scrolls of fear
 T - 3 scrolls of magic mapping
 U - 2 scrolls of brand weapon
 W - 7 scrolls of identify
 X - a scroll of silence
Potions
 a - 2 potions of resistance
 b - 3 potions of haste
 i - 8 potions of mutation
 l - 7 potions of heal wounds
 m - 7 potions of flight
 p - 5 potions of curing
 v - 6 potions of attraction
 A - 2 potions of berserk rage
 D - 11 potions of ambrosia
 E - 2 potions of might
 I - 2 potions of invisibility
 O - 3 potions of lignification
 Q - 2 potions of brilliance {unknown}
 V - a potion of magic
Miscellaneous
 e - a phantom mirror
 r - a phial of floods


   Skills:
 * Level 20.3 Fighting
 - Level 20.0 Axes
 * Level 20.2 Armour
 * Level 15.9 Dodging
 + Level 7.9 Shields
 + Level 14.1 Evocations


You had 17 spell levels left.
You didn't know any spells.
Your spell library was empty.

Dungeon Overview and Level Annotations

Branches:
Dungeon (15/15)            Temple (0/1) D:4            Lair (5/5) D:10
 Shoals (4/4) Lair:2       Spider (4/4) Lair:2        Slime (0/5) Lair:5
    Orc (2/2) D:9             Elf (1/3) Orc:2        Vaults (0/5) D:13
 Depths (0/4) D:15         Bailey (visited)           IceCv (visited)

Altars:
Dithmenos
Elyvilon
Gozag
Kikubaaqudgha
Makhleb
Okawaru
Sif Muna
Trog
Uskayaw
Xom
Zin
Jiyva
Lugonu

Shops:
D:12 *   D:15 *   Orc:2 [*!?=   Shoals:2 [

Portals:
Abyss: Lair:5

Annotations:
Elf:1 1 transporter, Iniosk's ghost, adept DjFE


Innate Abilities, Weirdness & Mutations

You have a pair of horns on your head.
You reflexively headbutt those who attack you in melee.


Message History

You suddenly lose the ability to move!
The lindwurm bites you!
* * * LOW HITPOINT WARNING * * *
The lindwurm claws you.
* * * LOW HITPOINT WARNING * * *
The lindwurm claws you.
* * * LOW HITPOINT WARNING * * *
You are no longer berserk.
You feel yourself slow down.
The quicksilver ooze changes into an emperor scorpion!
The moth of wrath bites you but does no damage.
The lindwurm bites you!
* * * LOW HITPOINT WARNING * * *
The lindwurm claws you but does no damage.
The lindwurm claws you. Iniosk's ghost hits you.
* * * LOW HITPOINT WARNING * * *
The anaconda is no longer petrified.
The anaconda grabs you. The anaconda bites you.
* * * LOW HITPOINT WARNING * * *
The anaconda constricts you. The lindwurm bites you!!
* * * LOW HITPOINT WARNING * * *
The lindwurm claws you but does no damage. x2
The moth of wrath goads the anaconda on!
The anaconda goes berserk!
Iniosk's ghost hits you but does no damage.
The anaconda bites you but does no damage.
The anaconda constricts you. The lindwurm bites you.
* * * LOW HITPOINT WARNING * * *
The lindwurm claws you.
* * * LOW HITPOINT WARNING * * *
The lindwurm claws you.
* * * LOW HITPOINT WARNING * * *
The floating eye changes into a merfolk!
The emperor scorpion changes into an azure jelly!
The wolf spider is no longer petrified.
The anaconda bites you!
* * * LOW HITPOINT WARNING * * *
The anaconda constricts you.
The wolf spider hits you but does no damage.
The wolf spider bites you but does no damage.
The anaconda bites you. The anaconda constricts you.
You die...

####.# ##.##.......##.##
####.# ##...#####.....#
.....# #.###.©.###...#
#.##.# #.#.......##..#
.(...######.#...#.#..#..#
#...........#..S#.#..#..#
####.####..##.#WmJ.$##..#
####.# #..#.#GWs#W|#...#
.....# #..# #@yN?#©..#
###### #..##..SWk#?#..##
#..©#.#.W.#:##.#
##.##..##.#$ #.#
#.#h..#...#.#.#
#.##....#..##.#
#..##......#..# #
##..#####.##.## #
##.....###..#


You could see an azure jelly shaped shifter, an anaconda (berserk), a glowing
orange brain shaped shifter, a wolf spider shaped shifter (berserk), a merfolk
shaped shifter, a lindwurm shaped shifter (berserk), a moth of wrath, a
phantasmal warrior (summoned), a mana viper (summoned), a freezing wraith
(summoned), 2 wraiths, a naga shaped shifter and Iniosk's ghost.

Vanquished Creatures
  Nikola (Shoals:1)
  Jorgrun (D:12)
  Rupert (Lair:4)
  A kraken (Shoals:3)
  An acid blob (Spider:2)
  Kirke (Shoals:1)
  A storm dragon (Shoals:4)
  Donald (Shoals:1)
  Louise (Spider:4)
  A deep elf sorcerer (Elf:1)
  2 frost giants (D:15)
  Aizul (Spider:3)
  An orc warlord (Bailey)
  2 emperor scorpions (Spider:1)
  6 ghost moths
  A reaper (IceCv)
  8 broodmothers
  The ghost of ctx the Eclecticist, a journeyman MeEE of Cheibriados (Lair:5)
  6 entropy weavers
  3 spark wasps
  The ghost of sanboga the Severer, a journeyman MiBe of Trog (D:12)
  Snorg (D:14)
  2 deep elf death magi (Elf:1)
  7 merfolk javelineers
  The ghost of ratmagoo the Earth Mage, a journeyman GrEE of Vehumet (Spider:1)
  A yaktaur captain (D:15)
  Josephine (D:10)
  8 merfolk impalers
  An ice dragon (D:15)
  9 hydras
  4 ogre magi
  2 catoblepae
  A jorogumo (Spider:3)
  A merfolk avatar (Shoals:2)
  4 radroaches
  An alligator (Lair:5)
  3 alligator snapping turtles (Shoals:4)
  9 boulder beetles
  14 two-headed ogres
  2 merfolk aquamancers
  Erica (Orc:1)
  The ghost of wormed the Basher, a journeyman GrFi of the Shining One (D:11)
  7 centaur warriors
  A satyr (shapeshifter) (Elf:1)
  4 dancing weapons (Elf:1)
  A death scarab (Spider:1)
  3 death yaks (D:10)
  3 tengu warriors
  3 thrashing horrors (Lair:5)
  3 deep elf knights (Elf:1)
  3 large abominations (Lair:5)
  2 sun demons (Shoals:1)
  Lodul (D:14)
  5 pharaoh ants
  9 steelbarb worms
  2 deep trolls
  11 sea snakes
  2 sun moths
  4 skeletal warriors
  8 orb spiders
  2 wizards
  19 harpies
  A phantasmal warrior (D:12)
  3 deep elf archers (Elf:1)
  12 deep elf zephyrmancers (Elf:1)
  An orc sorcerer (Orc:2)
  17 ugly things
  22 wolf spiders
  An orc knight (Orc:2)
  4 oklob plants
  13 deep elf pyromancers
  8 fauns
  7 cyclopes
  14 manticores
  6 moths of wrath
  5 elephants (Lair:5)
  A moth of wrath (shapeshifter) (Elf:1)
  A cyclops (shapeshifter) (D:15)
  A black mamba (shapeshifter) (D:14)
  5 black mambas
  8 water nymphs
  5 merfolk sirens
  An ice statue (IceCv)
  A gargoyle (D:13)
  2 torpor snails
  3 smoke demons (Lair:5)
  A kobold demonologist (D:12)
  An unseen horror (D:12)
  5 cane toads
  2 unseen horrors (shapeshifter)
  6 yaktaurs
  6 komodo dragons
  3 rime drakes (Lair:5)
  2 tengu conjurers
  5 demonic crawlers
  A freezing wraith (D:15)
  2 ancient zymes (Lair:5)
  2 anaconda simulacra (IceCv)
  14 merfolk
  A queen bee (D:11)
  19 trolls
  8 meliai
  2 hornets
  10 tarantellas
  13 wind drakes
  13 blink frogs
  16 slime creatures
  Prince Ribbit (D:7)
  6 snapping turtles
  9 dream sheep
  2 centaur simulacra (D:12)
  7 air elementals (Shoals:4)
  12 jumping spiders
  2 dire elephant simulacra (IceCv)
  A wyvern (Lair:5)
  3 vampires (D:12)
  25 culicivoras
  4 wraiths
  29 yaks
  13 water elementals
  2 ynoxinuls (Lair:5)
  7 basilisks
  4 shadows
  5 hogs (Shoals:1)
  Grum (Lair:1)
  3 vampire mosquitoes (D:12)
  2 steam dragons
  44 redbacks
  3 death yak simulacra (IceCv)
  2 fire elementals (Elf:1)
  2 chaos spawn (Lair:5)
  3 hydra simulacra (IceCv)
  9 acid dragons
  6 wargs
  13 water moccasins
  2 sky beasts
  An ice beast (D:5)
  24 orc warriors
  The ghost of Cheops the Cudgeller, an amateur MiFi (D:3)
  A boggart (Elf:1)
  23 ogres
  2 wolves (Lair:1)
  12 centaurs
  A phantom (D:6)
  2 kobold brigands
  12 bullfrogs
  6 two-headed ogre simulacra (IceCv)
  6 scorpions
  4 wights (D:7)
  3 elephant simulacra (IceCv)
  15 killer bees
  5 electric eels
  3 howler monkeys
  6 hounds
  2 jellies
  11 orc priests
  A gnoll bouda (D:5)
  Terence (D:2)
  Jessica (D:2)
  An iguana (D:6)
  23 orc wizards
  15 small abominations (Lair:5)
  6 hell rats
  7 spriggan simulacra (IceCv)
  3 polar bear simulacra (IceCv)
  9 troll simulacra (IceCv)
  2 scorpion simulacra (D:3)
  11 gnolls
  4 naga simulacra (IceCv)
  5 adders
  A river rat (D:10)
  A hound simulacrum (D:3)
  4 white imps
  6 ufetubi
  66 orcs
  6 endoplasms
  3 giant cockroaches
  12 goblins
  13 hobgoblins
  5 quokkas
  3 ball pythons
  3 ball python simulacra (D:3)
  10 bats
  2 frilled lizards
  23 kobolds
  9 rats
  2 bushes (Lair:2)
  A tentacle (Shoals:3)
1104 creatures vanquished.

Vanquished Creatures (collateral kills)
  Arachne (Spider:4)
  A merfolk impaler (Shoals:1)
  A two-headed ogre (D:10)
  An alligator snapping turtle (Shoals:1)
  A pharaoh ant (Spider:4)
  An orb spider (Spider:4)
  A harpy (Shoals:4)
  A manticore (Shoals:1)
  A water nymph (Shoals:4)
  A meliai (Spider:4)
  A culicivora (Spider:4)
11 creatures vanquished.

Vanquished Creatures (others)
  A manticore (Shoals:3)
  An orc priest (Orc:2)
  An orc wizard (Orc:2)
  21 fungi
  52 plants
  3 tentacles (Shoals:3)
79 creatures vanquished.

Grand Total: 1194 creatures vanquished

Notes
Turn   | Place    | Note
-------+----------+-------------------------------------------
     0 | D:1      | TYRONUS the Minotaur Berserker began the quest for the Orb.
     0 | D:1      | Reached XP level 1. HP: 19/19 MP: 0/0
    59 | D:1      | Found a faded altar of an unknown god.
   394 | D:1      | Reached XP level 2. HP: 25/27 MP: 1/1
  1065 | D:2      | Noticed Jessica
  1069 | D:2      | Killed Jessica
  1070 | D:2      | Reached XP level 3. HP: 33/33 MP: 2/2
  1131 | D:2      | Reached skill level 5 in Axes
  1131 | D:2      | Reached XP level 4. HP: 32/40 MP: 3/3
  1237 | D:2      | Noticed Terence
  1245 | D:2      | Killed Terence
  1485 | D:2      | Reached ** piety under Trog
  1496 | D:2      | Reached XP level 5. HP: 40/47 MP: 4/4
  1811 | D:3      | Found an iron altar of Okawaru.
  2101 | D:3      | Found a runed translucent gate.
  2101 | D:3      | Found a runed translucent gate.
  2101 | D:3      | Found a runed translucent gate.
  2189 | D:3      | Found a bloodstained altar of Trog.
  2584 | D:3      | Noticed Cheops's ghost (amateur MiFi)
  2628 | D:3      | Killed Cheops's ghost
  2629 | D:3      | Reached skill level 5 in Fighting
  2629 | D:3      | Reached XP level 6. HP: 52/56 MP: 4/5
  2952 | D:4      | Found a staircase to the Ecumenical Temple.
  3008 | D:4      | Found an ancient bone altar of Kikubaaqudgha.
  3132 | D:4      | Reached *** piety under Trog
  3211 | D:4      | Found a white marble altar of Elyvilon.
  3559 | D:5      | Entered Level 5 of the Dungeon
  3597 | D:5      | Noticed an ice beast
  3604 | D:5      | Killed an ice beast
  3605 | D:5      | Reached XP level 7. HP: 61/61 MP: 5/6
  3854 | D:5      | Found a hide-covered altar of Uskayaw.
  4171 | D:5      | Reached skill level 5 in Armour
  4803 | D:6      | Found a burning altar of Makhleb.
  5054 | D:6      | Reached XP level 8. HP: 70/70 MP: 5/7
  5454 | D:7      | Found a shadowy altar of Dithmenos.
  5620 | D:7      | Found a glowing silver altar of Zin.
  5701 | D:7      | Noticed Prince Ribbit
  5714 | D:7      | Killed Prince Ribbit
  5715 | D:7      | Reached skill level 1 in Evocations
  5784 | D:7      | Reached skill level 5 in Dodging
  6071 | D:7      | Reached XP level 9. HP: 69/79 MP: 8/8
  6360 | D:8      | Found a flagged portal.
  6372 | Bailey   | Entered a bailey
  6412 | Bailey   | Noticed an orc warlord
  6470 | Bailey   | Reached **** piety under Trog
  6477 | Bailey   | Reached skill level 10 in Axes
  6671 | Bailey   | Found a runed translucent gate.
  6678 | Bailey   | Found a runed translucent gate.
  6693 | Bailey   | Found a runed translucent gate.
  6717 | Bailey   | Killed an orc warlord
  6734 | Bailey   | Reached skill level 5 in Evocations
  6734 | Bailey   | Reached XP level 10. HP: 62/91 MP: 9/9
  7615 | D:8      | Identified the +3 ring mail of Hangman {*Corrode rElec rC+
                  | Str+2}
  7634 | D:8      | Found a shimmering altar of Xom.
  7665 | D:8      | Reached XP level 11. HP: 97/99 MP: 10/10
  7900 | D:8      | Found a shimmering blue altar of Sif Muna.
  8052 | D:9      | Found a staircase to the Orcish Mines.
  8999 | D:10     | Entered Level 10 of the Dungeon
  8999 | D:10     | Noticed a two-headed ogre
  9002 | D:10     | Killed a two-headed ogre
  9016 | D:10     | Noticed a death yak
  9017 | D:10     | Found a staircase to the Lair.
  9019 | D:10     | Noticed a death yak
  9021 | D:10     | Noticed a death yak
  9023 | D:10     | Killed a death yak
  9024 | D:10     | Reached skill level 10 in Fighting
  9131 | D:10     | Noticed a two-headed ogre
  9133 | D:10     | Killed a two-headed ogre
  9459 | D:10     | Noticed a two-headed ogre
  9464 | D:10     | Killed a two-headed ogre
  9481 | D:10     | Reached skill level 10 in Armour
  9633 | D:10     | Noticed Josephine
  9643 | D:10     | Killed Josephine
 10092 | D:10     | Killed a death yak
 10094 | D:10     | Killed a death yak
 10347 | D:11     | Found a transporter.
 10352 | D:11     | Found a transporter.
 10533 | D:11     | Noticed a boulder beetle
 10542 | D:11     | Killed a boulder beetle
 10689 | D:11     | Noticed a red ugly thing
 10696 | D:11     | Killed a red ugly thing
 10799 | D:11     | Reached XP level 12. HP: 106/108 MP: 11/11
 10863 | D:11     | Noticed wormed's ghost (journeyman GrFi)
 10953 | D:11     | Killed wormed's ghost
 11058 | Lair:1   | Entered Level 1 of the Lair of Beasts
 11059 | Lair:1   | Noticed Grum
 11072 | Lair:1   | Killed Grum
 11197 | Lair:1   | Reached ***** piety under Trog
 11274 | Lair:1   | Reached skill level 15 in Axes
 11871 | Lair:2   | Found a staircase to the Shoals.
 12035 | Lair:2   | Found a hole to the Spider Nest.
 12434 | Lair:2   | Noticed a seven-headed hydra
 12447 | Lair:2   | Killed a 13-headed hydra
 13307 | Lair:3   | Noticed a seven-headed hydra
 13315 | Lair:3   | Killed an 11-headed hydra
 13873 | Lair:4   | Reached XP level 13. HP: 93/119 MP: 12/12
 13877 | Lair:4   | Reached skill level 10 in Dodging
 14042 | Lair:4   | Identified the ring "Foaj" {rF+ Will+ EV+4}
 14418 | Lair:4   | Received a gift from Trog
 14657 | Lair:4   | Noticed Rupert
 14664 | Lair:4   | Killed Rupert
 14786 | Lair:5   | Entered Level 5 of the Lair of Beasts
 14860 | Lair:5   | Found a transporter.
 14894 | Lair:5   | Noticed ctx's ghost (journeyman MeEE)
 14901 | Lair:5   | Found a transporter.
 14916 | Lair:5   | Found a viscous altar of Jiyva.
 14916 | Lair:5   | Found a staircase to the Slime Pits.
 16010 | Lair:5   | Found a corrupted altar of Lugonu.
 16010 | Lair:5   | Found a one-way gate to the infinite horrors of the Abyss.
 16107 | Lair:5   | Reached XP level 14. HP: 128/130 MP: 13/13
 16243 | Lair:5   | Received a gift from Trog
 16310 | Lair:5   | Killed ctx's ghost
 16319 | Lair:5   | Identified the +0 pair of boots of Youthful Indiscretion
                  | {MP+9}
 16519 | Orc:1    | Entered Level 1 of the Orcish Mines
 16538 | Orc:1    | Noticed Erica
 16545 | Orc:1    | Killed Erica
 16947 | Orc:2    | Entered Level 2 of the Orcish Mines
 16947 | Orc:2    | Found Juoraqef's Jewellery Emporium.
 16947 | Orc:2    | Found Zachyol's Magic Scroll Shop.
 17704 | Orc:2    | Bought the ring of Igelisha {Fly rElec rPois Int+7} for 655
                  | gold pieces
 17755 | Orc:2    | Found Faplaeleva's Assorted Antiques.
 17763 | Orc:2    | Found Igun's Armour Emporium.
 17765 | Orc:2    | Bought a coppery potion for 28 gold pieces
 17765 | Orc:2    | Bought a scroll of blinking for 240 gold pieces
 17771 | Orc:2    | Found Erocec's Distillery.
 18154 | Orc:2    | Found a staircase to the Elven Halls.
 18272 | Orc:2    | Bought a scroll of acquirement for 780 gold pieces
 18272 | Orc:2    | Acquired a manual of Evocations
 18423 | D:12     | Reached skill level 15 in Fighting
 18498 | D:12     | Reached skill level 15 in Armour
 18733 | D:12     | Noticed Jorgrun
 18745 | D:12     | Killed Jorgrun
 18745 | D:12     | Received a gift from Trog
 18746 | D:12     | Reached XP level 15. HP: 141/141 MP: 14/14
 18775 | D:12     | Identified the +11 battleaxe "Beast's Nightmare" {vorpal,
                  | rElec rF+ rC-}
 18779 | D:12     | Identified the ring "Gydycik" {Wiz rCorr Str+6}
 18781 | D:12     | Identified the +9 broad axe of Votisirch {antimagic, Str+4}
 18911 | D:12     | Found a runed translucent gate.
 18912 | D:12     | Found a runed translucent gate.
 18913 | D:12     | Found a runed translucent gate.
 18918 | D:12     | Found an opulent altar of Gozag.
 18919 | D:12     | Noticed sanboga's ghost (journeyman MiBe)
 18936 | D:12     | Found Tupsong's Assorted Antiques.
 18961 | D:12     | Killed sanboga's ghost
 19995 | D:13     | Found a frozen archway.
 20009 | IceCv    | Entered an ice cave
 20080 | IceCv    | Reached ****** piety under Trog
 20222 | IceCv    | Received a gift from Trog
 20980 | D:13     | Found a gate to the Vaults.
 21289 | D:13     | Reached skill level 10 in Evocations
 21632 | D:14     | Received a gift from Trog
 21797 | D:14     | Noticed Lodul
 21803 | D:14     | Noticed Snorg
 21816 | D:14     | Killed Lodul
 21824 | D:14     | Killed Snorg
 22485 | D:15     | Entered Level 15 of the Dungeon
 22857 | D:15     | Reached XP level 16. HP: 152/152 MP: 15/15
 23040 | D:15     | Identified the amulet of Wytzaikh {Acrobat Harm rF+ rN+}
 23142 | D:15     | Found a staircase to the Depths.
 23340 | D:15     | Found Fitigekh's General Store.
 23343 | D:15     | Bought a scroll of immolation for 40 gold pieces
 23343 | D:15     | Bought a scroll of teleportation for 30 gold pieces
 23343 | D:15     | Bought a scroll of teleportation for 30 gold pieces
 23723 | Spider:1 | Entered Level 1 of the Spider Nest
 23782 | Spider:1 | Received a gift from Trog
 24211 | Spider:1 | Noticed ratmagoo's ghost (journeyman GrEE)
 24219 | Spider:1 | Found a runed translucent gate.
 24219 | Spider:1 | Found a runed translucent gate.
 24244 | Spider:1 | Found a runed translucent gate.
 24267 | Spider:1 | Killed ratmagoo's ghost
 24279 | Spider:1 | Identified the amulet of Sophism {Reflect Str+3 Int+2 Dex-3
                  | SH+5}
 24533 | Orc:2    | Bought a +2 kite shield of positive energy for 259 gold
                  | pieces
 24533 | Orc:2    | Bought a +0 hat of stealth for 154 gold pieces
 25135 | Spider:2 | Reached skill level 1 in Shields
 25913 | Spider:2 | Noticed an acid blob
 25924 | Spider:2 | Killed an acid blob
 25979 | Spider:2 | Acquired 320 gold pieces
 25996 | Spider:2 | Acquired the ring of the Skies Above {*Corrode rC++ rN+
                  | SInv Stlth+}
 27062 | Spider:3 | Noticed Aizul
 27075 | Spider:3 | Received a gift from Trog
 27079 | Spider:3 | Killed Aizul
 27608 | Spider:3 | Reached XP level 17. HP: 107/163 MP: 5/16
 28512 | Spider:4 | Entered Level 4 of the Spider Nest
 29586 | Spider:4 | Received a gift from Trog
 30682 | Spider:4 | Noticed Arachne
 30708 | Spider:4 | Killed Arachne
 31166 | Spider:4 | Noticed Louise
 31189 | Spider:4 | Killed Louise
 31190 | Spider:4 | Reached skill level 5 in Shields
 31576 | Spider:4 | Got a gossamer rune of Zot
 32112 | Shoals:1 | Entered Level 1 of the Shoals
 32395 | Shoals:1 | Noticed Kirke
 32406 | Shoals:1 | Killed Kirke
 32453 | Shoals:1 | Noticed Donald
 32465 | Shoals:1 | Killed Donald
 33106 | Shoals:1 | Noticed Nikola
 33118 | Shoals:1 | Killed Nikola
 33157 | Shoals:1 | Received a gift from Trog
 34167 | Shoals:2 | Reached XP level 18. HP: 168/176 MP: 5/17
 34300 | Shoals:2 | Found Xusch's Antique Armour Emporium.
 36343 | Shoals:3 | Reached skill level 15 in Dodging
 36851 | Shoals:4 | Entered Level 4 of the Shoals
 37387 | Shoals:4 | Identified the +6 broad axe of Patterns {vorpal, Fly SInv}
                  | (Trog gifted it to you on level 4 of the Shoals)
 37387 | Shoals:4 | Received a gift from Trog
 38495 | Shoals:4 | Paralysed by an air elemental for 1 turns
 38958 | Shoals:4 | Identified the +1 ring mail of the Echidna {Will+ Stlth+}
 39487 | Shoals:4 | Identified the +1 robe of the Watchman {rC+ Will+}
 39642 | Shoals:4 | Got a barnacled rune of Zot
 39800 | Shoals:4 | Paralysed by an air elemental for 1 turns
 40566 | Elf:1    | Entered Level 1 of the Elven Halls
 41225 | Elf:1    | Received a gift from Trog
 41838 | Elf:1    | Noticed Iniosk's ghost (adept DjFE)
 41844 | Elf:1    | Found a transporter.
 41859 | Elf:1    | Found a transporter.
 42251 | Elf:1    | Paralysed by a floating eye for 3 turns
 42262 | Elf:1    | Paralysed by a floating eye for 3 turns
 42264 | Elf:1    | HP: 7/179 [lindwurm (shapeshifter) (2)]
 42265 | Elf:1    | HP: 1/179 [anaconda (shapeshifter) (5)]
 42265 | Elf:1    | Constricted to death by an anaconda (shapeshifter)

Illustrated notes

Levels and vault maps discovered:
D:1:      minmay_arrival_hallway, layout_loops_corners,
          chequers_ecumenical_altar_simple_redux, feat_on_display
D:2:      layout_rooms, uniq_terence, uniq_jessica
D:3:      layout_loops_ring, trog_antimagical, okawaru_ov_weapons_minmay,
          gammafunk_ghost_icy, columned_hall_lemuel
D:4:      layout_loops_ring, mainiacjoe_overflow_small_starburst,
          marbit_many_paths, minmay_temple_entry_mist, minmay_ruptured
D:5:      layout_basic, mainiacjoe_overflow_cross_hatched, minivault_25,
          chequers_serial_rivers_micro_b
D:6:      layout_loops_corners, makhleb_blood_cavern_becter
D:7:      layout_basic, kennysheep_mini_moat,
          nicolae_dithmenos_through_a_glass_darkly, grunt_decor_junction,
          kennysheep_decorative_pillar, uniq_prince_ribbit1
D:8:      layout_rooms, kennysheep_orc_sif_temple, mainiacjoe_overflow_24_doors,
          enter_bailey_2
D:9:      layout_stronghold, minmay_orc_entry_temple_small
D:10:     old_forge, layout_stronghold, dpeg_lair_monsters, serial_bayou_ford_a,
          minivault_5, uniq_josephine
D:11:     layout_loops_ring, gammafunk_ghost_hive
D:12:     minmay_the_grid_octo_tiled_octocenter
          [minmay_the_grid_octo_thin_diamonds,
          minmay_the_grid_octo_vomiting_pacman,
          minmay_the_grid_octo_checkerflower, minmay_the_grid_octo_chip,
          minmay_the_grid_octo_prize_ultimate_mussel_roller,
          minmay_the_grid_square_5x5_minibox,
          minmay_the_grid_square_5x5_minivault,
          minmay_the_grid_square_5x5_shrine1,
          minmay_the_grid_square_5x5_checkered_statues], layout_stronghold,
          ebering_ghost_gozag, nooodl_orcs_dogs, uniq_jorgrun
D:13:     layout_small_grid, david_vaults_1, portal_ice_cave_entry_pillars_1,
          grunt_decor_cap, minmay_statues_item
D:14:     layout_loops_ring, hangedman_glass_teeth, uniq_snorg, uniq_lodul
D:15:     grunt_enter_depths_snipers, layout_cave_pools, serial_shops,
          nicolae_shop_behind_doors, chequers_decorated_corner,
          minmay_checkered_concentric_circles
Lair:1:   layout_chaotic_city, uniq_grum
Lair:2:   layout_small_grid, elwin_shoals_entry_stream,
          spider_nest_entry_funnel_web, minmay_lair_oklob_bushes,
          infiniplex_staircase_pool_2
Lair:3:   layout_long_grid, minmay_lair_oklob_items
Lair:4:   layout_regular_city, grunt_megastairs_4, uniq_rupert
Lair:5:   hellmonk_lair_end_abyssal_woods, layout_gridlike, slime_entry_1,
          gammafunk_ghost_arena, st_stairs_7, minivault_25,
          eino_small_chamber_without_monster
Shoals:1: layout_shoals, nicolae_shoals_sun_and_surf, uniq_nikola, uniq_kirke,
          uniq_donald
Shoals:2: layout_shoals, nicolae_take_the_stairs
Shoals:3: layout_shoals
Shoals:4: shoals_end_hellmonk_storm_palace [storm_palace_center_ruins,
          storm_palace_corner_pillars, storm_palace_corner_grid,
          storm_palace_corner_pillars, storm_palace_corner_narrow], serial_shops
Spider:1: layout_spider_delve, gammafunk_ghost_split
Spider:2: layout_cave_pods, nicolae_spider_acid_house
Spider:3: layout_spider_delve, nicolae_spider_cling_halls, uniq_aizul
Spider:4: hellmonk_spider_rune_endless_swarm, drop_trap, uniq_arachne,
          uniq_louise
Orc:1:    layout_diamond_mine, uniq_erica
Orc:2:    st_orc_open, layout_diamond_mine, serial_shops,
          nicolae_shop_hallway_stairs, basic_altar
Elf:1:    layout_loops_cross, gammafunk_ghost_berserking_beasts,
          hangedman_elf_disciples

Skill      XL: |  1  2  3  4  5  6  7  8  9 10 11 12 13 14 15 16 17 18 |
---------------+-------------------------------------------------------+-----
Axes           | 4 5 6 7 8 9 12 13 14 15 16 18 19 20 | 20.0
Fighting       | 4 5 6 7 9 10 12 13 15 16 18 19 20 | 20.3
Armour         | 3 4 5 6 9 10 12 13 15 16 17 19 20 | 20.2
Dodging        | 3 4 5 7 8 9 10 11 12 13 14 15 | 15.9
Evocations     | 2 5 6 7 8 9 10 11 13 14 | 14.1
Shields        | 3 6 7 |  7.9

Action                   |  1- 3 |  4- 6 |  7- 9 | 10-12 | 13-15 | 16-18 || total
-------------------------+-------+-------+-------+-------+-------+-------++-------
Melee: Hand axe          |    50 |    68 |       |       |       |       ||   118
       Headbutt          |     6 |    17 |    30 |    87 |   198 |   270 ||   608
       Punch             |     1 |     1 |     2 |       |       |       ||     4
       War axe           |       |    42 |   161 |     3 |       |       ||   206
       Battleaxe         |       |       |       |   418 |   573 |   133 ||  1124
       Executioner's axe |       |       |       |       |   429 |       ||   429
       Broad axe         |       |       |       |       |       |  1038 ||  1038
Invok: Berserk           |       |     4 |     1 |    12 |     8 |    14 ||    39
       Trog's Hand       |       |       |     2 |     5 |     3 |     7 ||    17
       Brothers in Arms  |       |       |       |       |       |     3 ||     3
Evoke: Wand              |       |       |       |     2 |     2 |    14 ||    18
       Phantom mirror    |       |       |       |     1 |     1 |     1 ||     3
       Phial of floods   |       |       |       |       |       |     1 ||     1
  Use: Scroll            |       |       |    14 |    12 |     4 |    10 ||    40
       Potion            |       |       |     1 |       |     1 |     5 ||     7
 Stab: Held in net/web   |       |       |       |     1 |       |       ||     1
       Distracted        |       |       |       |       |     1 |       ||     1
       Petrified         |       |       |       |       |       |     8 ||     8
Armor: Ring mail         |    11 |    19 |     1 |       |       |       ||    31
       Animal skin       |     1 |       |       |       |       |       ||     1
       Chain mail        |       |       |    45 |     4 |       |       ||    49
       Plate armour      |       |       |       |   142 |   579 |   711 ||  1432
Dodge: Dodged            |    30 |    65 |    95 |   314 |   716 |   543 ||  1763
Block: Other             |     9 |    26 |    39 |    26 |       |       ||   100
       Reflection        |       |     2 |     1 |     6 |       |    48 ||    57
       Kite shield       |       |       |       |       |       |   755 ||   755
